 Dungeon Crawl Stone Soup version 0.24.0-2-g5b39cebb1c (webtiles) character file.

Game seed: 3552896639953481693, levelgen mode: deterministic

53 Froggeryz the Charlatan (level 3, 0/32 HPs)
             Began as a Naga Artificer on Oct 31, 2019.
             Was an Initiate of Sif Muna.
             Slain by an orc
             ... wielding a +1 trident of piercing
              (1 damage)
             ... on level 3 of the Dungeon.
             The game lasted 00:03:02 (1496 turns).

Froggeryz the Charlatan (Naga Artificer)            Turns: 1496, Time: 00:03:03

Health: 0/32       AC:  8    Str: 19    XL:     3   Next: 89%
Magic:  5/5        EV:  9    Int: 17    God:    Sif Muna [......]
Gold:   95         SH:  0    Dex: 11    Spells: 2/2 levels left

rFire    . . .     SeeInvis +   l - +1 dagger (venom)
rCold    . . .     Gourm    .   (no shield)
rNeg     . . .     Faith    .   b - +0 leather armour
rPois    +         Spirit   .   (no helmet)
rElec    .         Reflect  .   g - +2 cloak
rCorr    .         Harm     .   k - +2 pair of gloves
MR       .....                  (no barding)
Stlth    +.........             (no amulet)
HPRegen  0.10/turn              n - ring of flight
MPRegen  0.09/turn              (no ring)

@: mighty, brilliant, short of breath, very slow
A: large, see invisible, deformed body, poison resistance, slowness 2, slow
metabolism 1, spit poison 1, AC +1
a: Spit Poison, Renounce Religion, Evoke Flight


You were on level 3 of the Dungeon.
You worshipped Sif Muna.
Sif Muna was noncommittal.
You were hungry.

You visited 1 branch of the dungeon, and saw 4 of its levels.

You collected 95 gold pieces.

Inventory:

Hand Weapons
 a - a +0 short sword
 l - a +1 dagger of venom (weapon)
Missiles
 p - 15 poisoned darts (quivered)
Armour
 b - a +0 leather armour (worn)
 g - a +2 cloak (worn)
 k - a +2 pair of gloves (worn)
Jewellery
 n - a ring of flight (left hand)
Wands
 c - a wand of flame (15)
 d - a wand of enslavement (15)
 e - a wand of random effects (15)
Scrolls
 i - a scroll of enchant weapon {unknown}
 j - 3 scrolls of identify {unknown}
 m - 2 scrolls of fog {unknown}
 o - a scroll of noise {unknown}
 r - a scroll of remove curse {unknown}
Potions
 h - a potion of brilliance
 q - a potion of haste {unknown}
 s - a potion of might
 t - a potion of agility {unknown}
Comestibles
 f - 8 rations


   Skills:
 - Level 2.1 Fighting
 * Level 3.0 Short Blades
 - Level 1.5 Dodging
 - Level 1.5 Stealth
 - Level 3.0 Evocations


You had 2 spell levels left.
You didn't know any spells.
Your spell library was empty.

Dungeon Overview and Level Annotations

Branches:
Dungeon (4/15)
 Temple: D:4-7

Altars:
Sif Muna
The Shining One


Innate Abilities, Weirdness & Mutations

You cannot wear boots.
Your serpentine skin is tough. (AC +1)
You have supernaturally acute eyesight. (SInv)
Armour fits poorly on your strangely shaped body.
Your system is resistant to poisons. (rPois)
You cover ground very slowly.
You have a slow metabolism.
You can spit poison.


Message History

The orc priest hits you with a +0 hand axe.
Press: ? - help, Shift-Dir - straight line, f - orc priest
Aim: an orc priest, wielding a +0 hand axe and wearing a +0 leather armour (poisoned)
The splash of poison hits the orc priest.
The orc priest is moderately wounded.
You feel slightly more hungry.
The orc hits you with a +1 trident of piercing!
It was a potion of brilliance.
You feel clever all of a sudden.
The orc priest hits you with a +0 hand axe.
The orc hits you with a +1 trident of piercing.
* * * LOW HITPOINT WARNING * * *
x2 Unknown command.
It was a potion of might.
You feel very mighty all of a sudden.
The orc priest calls upon Beogh to heal the orc.
The orc is healed somewhat.
The orc hits you with a +1 trident of piercing.
* * * LOW HITPOINT WARNING * * *
You die...

## .. . . ..
#.############.##
#.#..o...........
#....o@........#
###.#####..#####
#.......#..#
#+#.###.#..# ...
#..# .o. #..#
##'.. #..# .#..
#..# . ...
#..#####.


You could see an orc priest and an orc.

Vanquished Creatures
  2 worms (D:2)
  2 dart slugs (D:1)
  An orc (D:3)
  5 bats
  4 giant cockroaches
  4 goblins
  7 hobgoblins
  6 kobolds
  A quokka (D:2)
  4 frilled lizards
  2 rats
38 creatures vanquished.

Notes
Turn   | Place    | Note
-------+----------+-------------------------------------------
     0 | D:1      | Froggeryz the Naga Artificer began the quest for the Orb.
     0 | D:1      | Reached XP level 1. HP: 18/18 MP: 3/3
   344 | D:1      | Reached XP level 2. HP: 26/26 MP: 4/4
   901 | D:1      | Reached XP level 3. HP: 32/32 MP: 5/5
  1263 | D:2      | Found a shimmering blue altar of Sif Muna.
  1266 | D:2      | Became a worshipper of Sif Muna the Loreminder
  1312 | D:2      | You fall into a shaft and drop 2 floors!
  1347 | D:4      | Found a glowing golden altar of the Shining One.
  1496 | D:3      | HP: 1/32 [orc/+1 trident of piercing (6)]
  1496 | D:3      | Slain by an orc

Levels and vault maps discovered:
D:1:      dpeg_arrival_tiny_h, layout_basic
D:2:      layout_rooms, lemuel_blue_sif_altar
D:3:      layout_basic, marbit_many_paths, nicolae_ru_great_annihilating_truth,
          first_ration
D:4:      minmay_general_purpose_star, layout_gridville,
          grunt_temple_overflow_magic_moments, dancing_weapons_uskayaw,
          tso_metal_star, minmay_door_square, elyvilon_altar_5

Skill      XL: |  1  2  3 |
---------------+----------+-----
Fighting       | 2 |  2.1
Short Blades   | 2 3 |  3.0
Dodging        | |  1.5
Stealth        | |  1.5
Evocations     | |  3.0

Action                   || total
-------------------------++-------
Melee: Short sword       ||    14
       Dagger            ||   104
 Abil: Spit Poison       ||     7
  Use: Potion            ||     2
 Stab: Sleeping          ||     2
  Eat: Chunk             ||     1
Armor: Leather armour    ||    50
Dodge: Dodged            ||    54
